 Dungeon Crawl Stone Soup version 0.27.1-1-g398f81649c (webtiles) character file.

Game seed: 14926934956896692618

2937 Metae the Fighter (level 9, -14/82 HPs)
             Began as a Minotaur Fighter on Sept 12, 2021.
             Demolished by an orc knight (31 damage)
             ... in a bailey.
             The game lasted 00:26:28 (8836 turns).

Metae the Fighter (Minotaur Fighter)                Turns: 8836, Time: 00:26:29

Health: -14/82     AC: 13    Str: 23    XL:     9   Next: 51%
Magic:  8/8        EV:  7    Int:  5    God:
Gold:   237        SH: 11    Dex: 11    Spells: 8/8 levels left

rFire    x . .     SeeInvis .   w - +2 trident (flame)
rCold    + . .     Faith    .   c - +0 kite shield
rNeg     . . .     Spirit   .   r - +1 chain mail {Will+}
rPois    .         Reflect  .   (helmet restricted)
rElec    .         Harm     .   (no cloak)
rCorr    .         Rampage  .   (no gloves)
Will     +....                  f - +0 pair of boots
Stlth    ..........             (no amulet)
HPRegen  0.23/turn              p - ring of ice
MPRegen  0.11/turn              (no ring)

@: mighty, attractive
A: horns 2, retaliatory headbutt
a: no special abilities


You were in a bailey.
You visited 1 branch of the dungeon, and saw 7 of its levels.
You also visited: Bailey.

You collected 237 gold pieces.

Inventory:

Hand Weapons
 a - a +0 trident
 w - a +2 trident of flaming (weapon)
 C - a +2 morningstar of protection
Missiles
 i - 89 stones (quivered)
 B - 13 sling bullets
Armour
 b - a +0 scale mail
 c - a +0 kite shield (worn)
 f - a +0 pair of boots (worn)
 h - a +0 chain mail
 r - a +1 chain mail of willpower (worn)
Jewellery
 p - a ring of ice (left hand)
Wands
 l - a wand of polymorph (12)
 s - a wand of flame (12)
 y - a wand of digging (5)
Scrolls
 e - 3 scrolls of immolation
 n - a scroll of enchant weapon {unknown}
 t - 2 scrolls of noise
 u - a scroll of fear
 x - a scroll of silence {unknown}
 z - a scroll of acquirement {unknown}
 D - a scroll of holy word {unknown}
Potions
 j - 5 potions of mutation
 k - 6 potions of curing
 o - a potion of lignification
 q - a potion of brilliance {unknown}
 A - 8 potions of degeneration
 E - a potion of heal wounds {unknown}


   Skills:
 + Level 8.8 Fighting
 + Level 8.2 Polearms
 + Level 8.7 Armour
 + Level 8.8 Shields


You had 8 spell levels left.
You didn't know any spells.
Your spell library contained the following spells:

 Spells                   Type           Power      Damage    Failure   Level
 Ensorcelled Hibernation  Hex/Ice        0%         N/A       100%        2
 Inner Flame              Hex/Fire       0%         N/A       100%        3
 Ozocubu's Armour         Ice            0%         N/A       100%        3
 Spider Form              Tmut/Pois      0%         N/A       100%        3
 Cause Fear               Hex            0%         N/A       100%        4
 Olgreb's Toxic Radiance  Pois           0%         N/A       100%        4
 Shadow Creatures         Summ           N/A        N/A       100%        6
 Ozocubu's Refrigeration  Ice            0%         4d5       100%        7
 Discord                  Hex            0%         N/A       100%        8
 Ignition                 Fire           0%         3d3       100%        8


Dungeon Overview and Level Annotations

Branches:
Dungeon (7/15)             Temple (0/1) D:7          Bailey (1/1)

Altars:
Lugonu

Shops:
D:3 *   D:6 *

Portals:
Abyss: D:6


Innate Abilities, Weirdness & Mutations

You have a pair of horns on your head.
You reflexively headbutt those who attack you in melee.


Message History

You hit the orc warrior but do no damage.
The orc warrior is heavily wounded.
The orc warrior hits you with a +0 spear.
* * * LOW HITPOINT WARNING * * *
You hit the orc warrior. You burn the orc warrior.
The orc warrior is heavily wounded.
You block the orc warrior's attack.
You hit the orc warrior. You burn the orc warrior.
You headbutt the orc warrior, but do no damage.
The orc warrior is almost dead.
The orc warrior hits you with a +0 spear.
* * * LOW HITPOINT WARNING * * *
You feel better. The orc warrior barely misses you. You furiously retaliate!
You headbutt the orc warrior.
You kill the orc warrior!
An orc knight comes into view. It is wielding a +0 glaive.
The orc knight shouts!
There is an open door here.
Things that are here:
a +0 spear; a +0 chain mail; 63 gold pieces The orc knight roars a battlecry!
The orc warriors go into a battle-frenzy!
You start resting.
An orc knight is nearby!
Okay, then.
Okay, then.
You feel very mighty all of a sudden.
The orc knight roars a battlecry!
Really quaff the potion of lignification?
Okay, then.
It was a potion of attraction.
You feel attractive to monsters. You block the orc knight's attack.
The orc knight is pulled toward you!
You are too injured to fight recklessly!
You are too injured to fight recklessly!
You are too injured to fight recklessly!
You are too injured to fight recklessly!
You miss the orc knight.
The orc knight hits you with a +0 glaive!!
You die...

..## ##..≈§≈≈≈≈≈..'# ##..≈.#
≈..## ##..§§§....≈≈..## ##..≈≈.#
≈≈..#'#..≈§§§⌠∩⌠..≈§..# #..≈≈.##
≈≈..#'#..≈§...⌠...≈≈..# #..≈≈.∩#
≈..##.##..≈≈.oo.o≈≈o.# ##..≈≈.#
..##...'#..≈≈≈≈≈§≈..# ##..≈.#
.##.....##.........##.$$$.##.≈.#
.#############)#############.≈.#
..........##...o@# #####..≈.#
≈≈≈≈≈≈≈≈≈..##[.[#######≈≈≈≈≈≈≈.#
........≈≈..##.##)..##.........#
#######..≈≈..###))≈..##.########
##..≈≈....)≈≈...##...####
##..≈≈≈≈≈≈≈..#######..∩##
##.........## ####∩# ###########
###


You could see an orc knight (strong).

Vanquished Creatures
  Maggie (D:6)
  A water moccasin (D:7)
  An ice beast (D:6)
  3 necrophages
  An orc warrior (Bailey)
  2 hornet zombies
  4 ogres
  A centaur (D:6)
  2 phantoms
  3 scorpions (D:5)
  5 killer bees (D:7)
  3 hounds
  4 jellies
  Crazy Yiuf (D:6)
  3 orc priests
  A centaur skeleton (D:4)
  2 gnoll shamans (D:6)
  Jessica (D:3)
  Terence (D:2)
  2 orc wizards (D:6)
  2 iguanas (D:6)
  A hound zombie (D:5)
  14 gnolls
  9 adders
  A white imp (D:6)
  3 worms
  3 dart slugs
  22 orcs
  8 ball pythons
  17 endoplasms
  3 giant cockroaches
  9 goblins
  7 hobgoblins
  7 jackals
  13 kobolds
  6 quokkas
  3 bats
  3 frilled lizards
  8 rats
181 creatures vanquished.

Vanquished Creatures (others)
  3 fungi (D:3)
  2 lurking horrors (D:6)
  A plant (D:5)
  9 toadstools (D:3)
15 creatures vanquished.

Grand Total: 196 creatures vanquished

Notes
Turn   | Place    | Note
-------+----------+-------------------------------------------
     0 | D:1      | Metae the Minotaur Fighter began the quest for the Orb.
     0 | D:1      | Reached XP level 1. HP: 19/19 MP: 0/0
   163 | D:1      | Reached XP level 2. HP: 27/27 MP: 1/1
   309 | D:1      | Found a faded altar of an unknown god.
   537 | D:1      | Reached XP level 3. HP: 33/33 MP: 2/2
   845 | D:2      | Noticed Terence
   854 | D:2      | Killed Terence
   863 | D:2      | Reached XP level 4. HP: 12/41 MP: 3/3
  1997 | D:3      | Noticed Jessica
  2001 | D:3      | Killed Jessica
  2002 | D:3      | Reached XP level 5. HP: 43/47 MP: 4/4
  2107 | D:3      | Found Bozyud's General Store.
  2573 | D:3      | Reached skill level 5 in Shields
  2577 | D:3      | Reached skill level 5 in Armour
  2921 | D:4      | Reached skill level 5 in Fighting
  2947 | D:4      | Noticed an ogre
  3217 | D:4      | Noticed an ogre
  3275 | D:3      | Reached XP level 6. HP: 21/56 MP: 5/5
  3748 | D:4      | Reached skill level 5 in Polearms
  3748 | D:4      | Reached XP level 7. HP: 62/62 MP: 6/6
  4257 | D:5      | Entered Level 5 of the Dungeon
  5055 | D:5      | Reached XP level 8. HP: 71/71 MP: 7/7
  6401 | D:6      | Found a one-way gate to the infinite horrors of the Abyss.
  7118 | D:6      | Reached XP level 9. HP: 65/81 MP: 8/8
  7194 | D:6      | Found Tymas's Assorted Antiques.
  7229 | D:6      | Noticed Maggie
  7247 | D:6      | Killed Maggie
  7472 | D:6      | Found a corrupted altar of Lugonu.
  7693 | D:6      | Found a runed translucent door.
  7694 | D:6      | Noticed Crazy Yiuf
  7855 | D:6      | Killed Crazy Yiuf
  8073 | D:7      | Found a flagged portal.
  8099 | Bailey   | Entered a bailey
  8631 | Bailey   | Noticed an orc knight
  8698 | Bailey   | Identified the +8 arbalest "Moihusoe" {penet, rElec}
  8826 | Bailey   | HP: 4/82 [orc warrior (3)]
  8828 | Bailey   | Noticed an orc knight
  8836 | Bailey   | Demolished by an orc knight

Illustrated notes

Levels and vault maps discovered:
D:1:      saegor_arrival_simple_a, layout_basic,
          shapermc_ecumenical_altar_hornbeckon, serial_park_tiny_1
D:2:      layout_loops_ring, item_on_display_a, uniq_terence
D:3:      cheibrodos_fertilizer, layout_loops_ring, serial_shops,
          nicolae_shop_stone, uniq_jessica
D:4:      layout_basic, minmay_between
D:5:      cheibrodos_two_vegetables, layout_cave_pods, grunt_ministairs_13
D:6:      layout_loops_ring, serial_shops, nicolae_shop_behind_doors,
          amcnicky_altar_lugonu_corruption, uniq_maggie, uniq_crazy_yiuf_cottage
D:7:      layout_gridville, minmay_temple_entry_glass, enter_bailey_7,
          hangedman_decor_push, uniq_harold
Bailey:   bailey_polearm_1, bailey

Skill      XL: |  1  2  3  4  5  6  7  8  9 |
---------------+----------------------------+-----
Fighting       | 4 5 6 7 8 |  8.8
Armour         | 4 5 6 7 8 |  8.7
Polearms       | 3 4 5 6 7 8 |  8.2
Shields        | 4 5 6 7 8 |  8.8

Action                   |  1- 3 |  4- 6 |  7- 9 || total
-------------------------+-------+-------+-------++-------
Melee: Trident           |    79 |   172 |   272 ||   523
       Headbutt          |    13 |    25 |    40 ||    78
Throw: Stone             |       |       |     3 ||     3
Evoke: Wand              |       |       |     4 ||     4
  Use: Scroll            |       |     2 |     6 ||     8
       Potion            |       |     1 |     3 ||     4
Armor: Scale mail        |    10 |       |       ||    10
       Chain mail        |    18 |    92 |   139 ||   249
Dodge: Dodged            |    21 |    37 |    90 ||   148
Block: Kite shield       |    33 |    95 |   197 ||   325
